 Dungeon Crawl Stone Soup version 0.31-a0-150-g89dc3ad700 (webtiles) character file.

Game seed: 9332458323231768923

634 qw the Shooter (level 7, -3/43 HPs)
             Began as a Gargoyle Hunter on June 8, 2023.
             Was an Initiate of Okawaru.
             Slain by a gnoll sergeant
             ... wielding a +7 heavy spear
              (9 damage)
             ... on level 5 of the Dungeon.
             The game lasted 00:01:30 (3755 turns).

qw the Shooter (Gargoyle Hunter)                    Turns: 3755, Time: 00:01:30

Health: -3/43      AC: 10    Str: 15    XL:     7   Next: 49%
Magic:  7/7        EV: 13    Int:  9    God:    Okawaru [......]
Gold:   231        SH:  0    Dex: 21    Spells: 6/6 levels left

rFire   + . .        Y - +0 shortbow
rCold   + . .        (shield currently unavailable)
rNeg    + + .        l - +2 robe {rC+ rF+}
rPois   inf          b - +0 helmet
rElec   +            d - +0 cloak
rCorr   .            (no gloves)
SInv    .            (no boots)
Will    .....        (no amulet)
Stlth   ++           j - +6 ring of dexterity
HPRegen 0.27/turn    h - ring of positive energy
MPRegen 0.10/turn

%: no passive effects
@: about to teleport, marked
A: sickness immunity, AC +4, negative energy resistance 1, electricity
resistance, torment resistance 1, petrification resistance
a: Renounce Religion


You were on level 5 of the Dungeon.
You worshipped Okawaru.
Okawaru was noncommittal.
You visited 2 branches of the dungeon, and saw 6 of its levels.

You collected 231 gold pieces.


Innate Abilities, Weirdness & Mutations

You are immune to sickness and miasma.
Your stone body is resilient. (AC +4)
You are immune to poison.
You resist negative energy. (rN+)
You are resistant to electric shocks. (rElec)
You are resistant to unholy torment.
You are immune to petrification.


   Skills:
 - Level 4.3 Fighting
 + Level 7.9 Ranged Weapons
 - Level 1.0 Armour
 - Level 2.1 Dodging
 - Level 1.1 Stealth


You had 6 spell levels left.
You didn't know any spells.
Your spell library was empty.

Inventory:

Hand Weapons
 Y - a +0 shortbow (weapon)
Armour
 b - a +0 helmet (worn)
 d - a +0 cloak (worn)
 l - a +2 robe of resistance (worn)
 m - a +0 pair of gloves
 o - a scarf of resistance
Jewellery
 h - a ring of positive energy (right hand)
 j - a +6 ring of dexterity (left hand)
Scrolls
 a - a scroll of identify
 i - a scroll of teleportation
Potions
 c - a potion of enlightenment {unknown}
 e - a potion of heal wounds
 f - a potion of mutation {unknown}
 g - 3 potions of curing
 k - a potion of magic {unknown}
 n - a potion of cancellation {unknown}

Dungeon Overview and Level Annotations

Branches:
Dungeon (5/15)             Temple (1/1) D:4

Altars:
Ashenzari
Elyvilon
Gozag
Kikubaaqudgha
Makhleb
Nemelex Xobeh
Okawaru
Qazlal
Sif Muna
Trog
Vehumet
Wu Jian
Xom
Yredelemnul
Zin

Shops:
D:2 (   D:4 (


Message History

An orc comes into view. It is wielding a +0 club.
The gnoll sergeant barely misses you. The adder barely misses you.
You shoot an arrow. The arrow closely misses the gnoll.
A white imp comes into view.
An orc wizard comes into view. It is wielding a +0 dagger.
The gnoll hits you but does no damage. The gnoll barely misses you.
An orc comes into view. It is wielding a +0 club.
The adder misses you.
The gnoll sergeant hits you from afar with a +7 heavy spear.
You shoot an arrow.
The arrow hits the gnoll but does no damage.
An iguana comes into view.
The adder bites you but does no damage.
An orc comes into view. It is wielding a +0 club.
The gnoll barely misses you.
An orc comes into view. It is wielding a +0 rapier.
You shoot an arrow. The arrow hits the gnoll.
The gnoll is moderately wounded.
The adder bites you. The gnoll closely misses you. The gnoll misses you.
The gnoll sergeant closely misses you.
You shoot an arrow.
The arrow hits the gnoll but does no damage.
The gnoll is moderately wounded.
The adder bites you but does no damage.
An orc priest comes into view. It is wielding a +0 short sword.
The gnoll hits you with a +0 whip. The adder bites you.
The gnoll sergeant hits you from afar with a +7 heavy spear!
You shoot an arrow. The arrow hits the gnoll!
The gnoll is almost dead.
A phantom comes into view.
The gnoll hits you with a +0 club. The adder bites you but does no damage.
3755 ||| READING 2 scrolls of teleportation.
As you read the scroll of teleportation, it crumbles to dust.
You feel strangely unstable. The adder bites you but does no damage.
The white imp gestures at you.
The puff of frost hits you but does no damage.
The gnoll hits you but does no damage. The gnoll hits you with a +0 whip.
The gnoll sergeant hits you from afar with a +7 heavy spear!
You die...

...#...#.....#..##..
#...#...#........#
............###..#
..........W.# ..#
..#.......o## ..
####.....oo# ###...
##.....o##5....#
##..#.gg......#
#...##@S.l.....
#....###go...#.
#.####..ogo..... #..
#.......#... #.#
........)# ..
#....#.......[. #.
.o##....... . #).
#..##..## ..o# ...#
.##


You could see a phantom, a gnoll sergeant, an iguana, an orc priest, an orc
wizard, 3 gnolls, an adder, a white imp and 5 orcs.

Vanquished Creatures
  An ogre (D:5)
  3 orc priests
  2 hounds
  Jessica (D:2)
  3 iguanas
  Natasha (thrice) (D:4)
  2 orc wizards (D:5)
  A gnoll (D:5)
  5 adders
  An ufetubus (D:4)
  2 worms
  20 orcs
  6 ball pythons
  4 bats
  5 endoplasms
  3 giant cockroaches
  8 goblins
  6 hobgoblins
  4 jackals
  6 quokkas
  3 frilled lizards (D:1)
  7 kobolds
  4 rats
100 creatures vanquished.

Notes
Turn   | Place    | Note
-------+----------+-------------------------------------------
     0 | D:1      | qw the Gargoyle Hunter began the quest for the Orb.
     0 | D:1      | Reached XP level 1. HP: 12/12 MP: 1/1
     0 | D:1      | 0 ||| qw: Version: 0.2-a-120-gdf1a93b
     0 | D:1      | 0 ||| qw: Game counter: 2970
     0 | D:1      | 0 ||| qw: Always use a shield: true
     0 | D:1      | 0 ||| qw: God list: Okawaru
     0 | D:1      | 0 ||| qw: Allow faded altars: false
     0 | D:1      | 0 ||| qw: Do Orc after D:15 true
     0 | D:1      | 0 ||| qw: Do second Lair branch before Depths: true
     0 | D:1      | 0 ||| qw: Lair rune preference: random
     0 | D:1      | 0 ||| qw: Plans: Normal
     0 | D:1      | 0 ||| PLANNING D:1-11
    71 | D:1      | Reached XP level 2. HP: 17/17 MP: 2/2
   426 | D:1      | Reached XP level 3. HP: 21/21 MP: 3/3
   608 | D:1      | Reached skill level 5 in Ranged Weapons
   631 | D:1      | 631 ||| UPGRADING to +0 cloak.
   636 | D:1      | 636 ||| UPGRADING to +6 ring of dexterity.
   637 | D:1      | 637 ||| READING scroll labelled HECRU BECLEO.
   638 | D:1      | 638 ||| READING scroll labelled VEAKKUASEIM.
   639 | D:1      | 639 ||| READING scroll labelled FIFFABLOOR.
   640 | D:1      | 640 ||| DRINKING 2 amethyst potions.
   641 | D:1      | 641 ||| DROPPING scroll of butterflies.
   642 | D:1      | 642 ||| DROPPING potion of brilliance.
   857 | D:2      | Found Yjiefet's Weapon Emporium.
   863 | D:2      | 863 ||| SHOPLISTING +6 arbalest "Damnation" {damnation}
                  | (880 gold, have 118).
   953 | D:2      | Reached skill level 3 in Fighting
  1042 | D:2      | Noticed Jessica
  1045 | D:2      | Killed Jessica
  1046 | D:2      | Reached XP level 4. HP: 20/28 MP: 4/4
  1365 | D:2      | 1365 ||| UPGRADING to +2 robe of resistance.
  1375 | D:2      | 1375 ||| DROPPING +0 leather armour.
  1376 | D:2      | 1376 ||| READING scroll labelled INUMAP FIRROE.
  1377 | D:2      | 1377 ||| READING 2 scrolls labelled USULOF JUFUAHI.
  1381 | D:2      | 1381 ||| READING 2 scrolls of identify.
  1381 | D:2      | 1381 ||| IDENTIFYING smoky orange potion
  1469 | D:3      | Found a white marble altar of Elyvilon.
  1534 | D:3      | Reached XP level 5. HP: 29/32 MP: 5/5
  1654 | D:3      | Found a shimmering blue altar of Sif Muna.
  1679 | D:3      | Reached skill level 6 in Ranged Weapons
  1864 | D:3      | Found a basalt altar of Yredelemnul.
  2214 | D:3      | 2214 ||| DROPPING ring of flight.
  2215 | D:3      | 2215 ||| DRINKING 2 silvery potions.
  2216 | D:3      | 2216 ||| READING 3 scrolls of identify.
  2216 | D:3      | 2216 ||| IDENTIFYING grey potion
  2217 | D:3      | 2217 ||| READING 2 scrolls of identify.
  2217 | D:3      | 2217 ||| IDENTIFYING viscous ruby potion
  2218 | D:3      | 2218 ||| DROPPING potion of invisibility.
  2219 | D:3      | 2219 ||| DROPPING potion of berserk rage.
  2271 | D:4      | 2271 ||| STAIRDANCE
  2338 | D:4      | Reached XP level 6. HP: 38/38 MP: 6/6
  2439 | D:4      | Noticed Natasha
  2449 | D:4      | Killed Natasha
  2573 | D:4      | Found a staircase to the Ecumenical Temple.
  2574 | D:4      | 2574 ||| PLANNING TEMPLE
  2575 | D:4      | 2575 ||| UPGRADING to +0 helmet.
  2588 | Temple   | Entered the Ecumenical Temple
  2668 | Temple   | 2668 ||| PLANNING OKAWARU WORSHIP
  2799 | Temple   | Became a worshipper of Warmaster Okawaru
  2799 | Temple   | 2799 ||| PLANNING D:1-11
  2948 | D:4      | Found a broken altar of Ashenzari.
  3140 | D:4      | Noticed Natasha
  3236 | D:4      | Reached skill level 1 in Armour
  3301 | D:4      | Killed Natasha
  3329 | D:4      | Identified the +1 spear "Utotot" {venom, *Corrode rPois
                  | rN+++ Int+4}
  3422 | D:4      | Noticed Natasha
  3437 | D:4      | Killed Natasha
  3487 | D:4      | Found Ywealeumo's Weapon Boutique.
  3571 | D:4      | 3571 ||| UPGRADING to ring of positive energy.
  3603 | D:5      | Entered Level 5 of the Dungeon
  3612 | D:5      | 3612 ||| STAIRDANCE
  3668 | D:5      | Reached skill level 7 in Ranged Weapons
  3668 | D:5      | Reached XP level 7. HP: 43/43 MP: 7/7
  3718 | D:5      | 3718 ||| Stepping ~*~*~tactically~*~*~ (outnumbered).
  3727 | D:5      | Reached * piety under Okawaru
  3730 | D:5      | 3730 ||| INVOKING Heroism.
  3754 | D:5      | HP: 8/43 [gnoll/+0 club[a gnoll sergeant] (5)]
  3755 | D:5      | 3755 ||| READING 2 scrolls of teleportation.
  3755 | D:5      | Slain by a gnoll sergeant

Levels and vault maps discovered:
D:1:      amcnicky_arrival_choice, layout_loops_ring
D:2:      layout_loops_ring, serial_shops, nicolae_shop_scrapyard,
          minmay_pentomino_u4, uniq_jessica
D:3:      layout_basic, kennysheep_ying_yang, mainiacjoe_overflow_catwalk,
          serial_curves, eino_curves_01, eino_curves_02
D:4:      layout_basic, nicolae_overflow_crystal_walls,
          minmay_temple_entry_wispy, serial_shops, shop, uniq_natasha
D:5:      layout_cave_pools, kennysheep_mini, minmay_misc_feat_pillars,
          st_stairs_10
Temple:   grunt_temple_mini_profane

Skill      XL: |  1  2  3  4  5  6 |
---------------+-------------------+-----
Ranged Weapons | 5 6 7 |  7.9
Fighting       | 3 4 |  4.3
Dodging        | 2 |  2.1
Armour         | 1 |  1.0
Stealth        | |  1.1

Action                     |  1- 3 |  4- 6 |  7- 9 || total
---------------------------+-------+-------+-------++-------
   Fire: Shortbow          |    83 |   217 |    52 ||   352
 Invoke: Heroism           |       |       |     1 ||     1
    Use: Scroll            |     3 |     5 |     1 ||     9
         Potion            |     1 |     1 |       ||     2
 Armour: Leather armour    |     6 |       |       ||     6
         Robe              |       |    53 |    18 ||    71
  Dodge: Dodged            |    10 |   116 |    26 ||   152

Table legend:
 A = Non-vault XP
 B = Vault XP
 C = Vault XP percentage of total XP
 D = Non-vault monster count
 E = Vault monster count
 F = Vault count percentage of total count
                 A         B        C        D         E       F
            +---------+---------+-------+---------+---------+-------
      Total |     831 |      75 |   8.3 |      96 |       4 |   4.0
            +---------+---------+-------+---------+---------+-------
        D:1 |      40 |       0 |   0.0 |      24 |       0 |   0.0
        D:2 |      43 |      40 |  48.2 |      10 |       3 |  23.1
        D:3 |     132 |       0 |   0.0 |      19 |       0 |   0.0
        D:4 |     293 |      35 |  10.7 |      28 |       1 |   3.4
        D:5 |     323 |       0 |   0.0 |      15 |       0 |   0.0
            +---------+---------+-------+---------+---------+-------
